Unix NetHack Version 5.0.0-0 post-release - last build Jun 10 2026 00:39:30 (3ee93aec679c4c4259841fe613dc97188e26a321,branch:main).

Game began 2026-06-13 06:52:42, ended 2026-06-16 02:00:43.

JohnDarcy, neutral male human Tourist

  -------
  |.....|
  |.<)..|                 ------------
  |.....|                #......(...[|
  |.....+###             1|.....f....|
  |.....|  #             #|.@au@@.@..|
  -----|-  #             #-.----------
       #   ######        # ###
    ####        #        #   ###)%
    #           (        #
 ---.----       ##       ##
 |......-############   ####
 |......|        # -------#
 |......|        ##.......#
 --------          |.....|
                   |.....-
                   -------

JohnDarcy the Excursionist  St:12 Dx:4 Co:15 In:16 Wi:11 Ch:14  Neutral
Dlvl:7  $:715 HP:0(36) Pw:34(34) AC:2  Xp:6 T:3462  Burdened

Latest messages:
 The pony misses the killer bee.
 The pony misses the killer bee.
 The pony misses the killer bee.
 The pony misses the killer bee.
 The pony misses the killer bee.
 You see here a leash.
 The pony misses the killer bee.
 The pony misses the killer bee.
 What do you want to use or apply? [cflmpst or ?*] c
 In what direction? 4
 The Woodland-elf is blinded by the flash!
 The Woodland-elf turns to flee.
 The Woodland-elf drinks a potion of extra healing!
 The Woodland-elf can see again.
 The Woodland-elf looks much better.
 What do you want to use or apply? [cflmpst or ?*] c
 In what direction? 4
 The Woodland-elf is blinded by the flash!
 The large cat misses the Woodland-elf.
 The killer bee stings!
 The pony misses the killer bee.
 The pony bites the killer bee.
 The killer bee stings the pony.
 The large cat misses the killer bee.
 The pony misses the killer bee.
 The pony misses the killer bee.
 The large cat bites the killer bee.
 The killer bee is killed!
 The Woodland-elf shoots 4 runed arrows!
 The 1st runed arrow misses the killer bee.
 The 1st runed arrow hits the pony!
 The 2nd runed arrow misses the killer bee.
 The 2nd runed arrow misses the pony.
 The 2nd runed arrow hits the Woodland-elf.
 The 3rd runed arrow misses the killer bee.
 The 3rd runed arrow misses the pony.
 The 3rd runed arrow hits the Woodland-elf.
 The 4th runed arrow misses the killer bee.
 The 4th runed arrow hits the pony.
 The Woodland-elf shoots 3 runed arrows!
 The 1st runed arrow misses the Woodland-elf.
 The 1st runed arrow misses you.
 The 2nd runed arrow misses the Woodland-elf.
 You are hit by the 2nd runed arrow!
 You die...
 Do you want your possessions identified? [ynq] (y) y
 Do you want to see your attributes? [ynq] (y) y
 Do you want an account of creatures vanquished? [ynaq] (y) y
 Do you want to see your conduct and achievements? [ynq] (y) y
 Do you want to see the dungeon overview? [ynq] (y) y

Inventory:
 Coins    ('$')
  $ - 715 gold pieces
 Amulets  ('"')
  B - an uncursed amulet of flying
  Q - an uncursed amulet of guarding
  I - an uncursed amulet versus poison (being worn)
 Weapons  (')')
  a - 17 blessed +2 darts (at the ready)
  d - 3 +0 daggers (wielded)
  K - a burnt +0 elven dagger
 Armor    ('[')
  H - an uncursed +1 orcish helm (being worn)
  D - an uncursed +0 pair of jumping boots (being worn)
  A - an uncursed +0 orcish shield (being worn)
  L - an uncursed +0 dwarvish cloak (being worn)
  k - an uncursed thoroughly burnt +0 Hawaiian shirt with a hula dancer motif (being worn)
  E - an uncursed +0 scale mail (being worn)
 Comestibles  ('%')
  f - 2 uncursed cream pies
  n - 8 uncursed food rations
  N - 2 uncursed sprigs of wolfsbane
  q - 3 uncursed tripe rations
 Scrolls  ('?')
  J - an uncursed scroll of confuse monster
  i - 3 uncursed scrolls of magic mapping
 Potions  ('!')
  h - an uncursed potion of extra healing
  C - a blessed potion of object detection
  w - 2 uncursed potions of paralysis
 Rings    ('=')
  x - an uncursed ring of warning (on left hand)
 Wands    ('/')
  s - a wand of light (0:9)
  t - a wand of striking (0:0)
 Tools    ('(')
  m - an uncursed credit card
  c - an expensive camera (0:28)
  p - a +0 pick-axe
  l - an uncursed towel

JohnDarcy the Tourist's attributes:

Background:
 You were an Excursionist, a level 6 male human Tourist.
 You were neutral, on a mission for The Lady
 who was opposed by Blind Io (lawful) and Offler (chaotic).
 You were right-handed.
 You were in the Dungeons of Doom, on level 7.
 You entered the dungeon 3462 turns ago.
 It was nighttime.
 There was a new moon in effect when your adventure ended.
 You had 429 experience points, 211 more were needed to attain level 7.

Basics:
 You had 0 out of 36 hit points.
 You had all 34 energy points (spell power).
 Your armor class was 2.
 Your wallet contained 715 zorkmids.
 Autopickup was off.

Final Characteristics:
 Your strength was 12 (limit:18/100).
 Your dexterity was 4 (peak:10, limit:18).
 Your constitution was 15 (limit:18).
 Your intelligence was 16 (limit:18).
 Your wisdom was 11 (limit:18).
 Your charisma was 14 (limit:18).

Final Status:
 You weren't hungry.
 You were burdened; movement was slightly slowed.
 You were wielding daggers.
 You were unskilled in dagger.

Final Attributes:
 You were piously aligned.
 Your items were somewhat protected from fire.
 Your items were somewhat protected from cold.
 You were poison resistant.
 You were telepathic.
 You were warned.
 You would have confused monsters when hitting them.
 You could jump.
 You were warded.
 You were fast.
 You are dead.

Miscellaneous:
 You didn't encounter any bones levels.
 Total elapsed playing time was 1 hour, 51 minutes and 2 seconds.

Major events:
 Turn
    1: JohnDarcy the neutral male human Tourist entered the dungeon
  536: entered the Gnomish Mines
 1072: attained the rank of Sightseer (level 3)
 3164: attained the rank of Excursionist (level 6)
 3462: killed by an elven arrow

You didn't know any spells.

Skills:
 Fighting Skills
   bare handed combat [Unskilled]
   two weapon combat  [Unskilled]
   riding             [Unskilled]
 Weapon Skills
   dagger             [Unskilled]
   knife              [Unskilled]
   axe                [Unskilled]
   pick-axe           [Unskilled]
   short sword        [Unskilled]
   broadsword         [Unskilled]
   long sword         [Unskilled]
   two-handed sword   [Unskilled]
   saber              [Unskilled]
   mace               [Unskilled]
   morning star       [Unskilled]
   flail              [Unskilled]
   hammer             [Unskilled]
   quarterstaff       [Unskilled]
   polearms           [Unskilled]
   spear              [Unskilled]
   trident            [Unskilled]
   lance              [Unskilled]
   bow                [Unskilled]
   sling              [Unskilled]
   crossbow           [Unskilled]
   dart               [Basic]
   shuriken           [Unskilled]
   boomerang          [Unskilled]
   whip               [Unskilled]
   unicorn horn       [Unskilled]
 Spellcasting Skills
   divination spells  [Unskilled]
   enchantment spells [Unskilled]
   escape spells      [Unskilled]

Voluntary challenges:
 Character rerolling was not enabled.
 You never genocided any monsters.
 You never polymorphed an object.
 You never changed form.
 You used no wishes.
Achievements:
 You entered a shop.
 You entered the Gnomish Mines.
 You attained the rank of Sightseer.
 You attained the rank of Excursionist.

 The Dungeons of Doom: levels 1 to 7
    Level 1:
    Level 2:
       A general store, an altar, a grave.
    Level 3:
       An altar.
       Stairs down to The Gnomish Mines.
    Level 4:
       A general store, an altar, a fountain.
    Level 5:
    Level 6:
    Level 7: <- You were here.
       Final resting place for
          you, killed by an elven arrow.
 The Gnomish Mines:
    Level 4:


Vanquished creatures:
  a small mimic
  a wolf
  a rope golem
  a mountain nymph
  2 Mordor orcs
 an Uruk-hai
  a rock piercer
  a violet fungus
  2 gnome leaders
  a golden naga hatchling
  a gray ooze
  a baby crocodile
  a little dog
  3 floating eyes
  a dwarf
  3 rothes
  a centipede
  a dwarf zombie
  a wererat
 an iguana
  4 killer bees
  2 giant rats
  4 cave spiders
  a yellow mold
  a green mold
  a red mold
  2 gnomes
  2 gnome zombies
  2 geckos
  3 jackals
  4 goblins
  3 grid bugs
  3 lichens
  a kobold zombie
  2 newts
61 creatures vanquished.

No species were genocided or became extinct.

Game over:
                       ----------
                      /          \
                     /    REST    \
                    /      IN      \
                   /     PEACE      \
                  /                  \
                  |    JohnDarcy     |
                  |      715 Au      |
                  |   killed by an   |
                  |   elven arrow    |
                  |                  |
                  |                  |
                  |       2026       |
                 *|     *  *  *      | *
        _________)/\\_//(\/(/\)/\//\/|_)_______

Aloha JohnDarcy the Tourist...

You died in The Dungeons of Doom on dungeon level 7 with 2294 points,
and 715 pieces of gold, after 3462 moves.
You were level 6 with a maximum of 36 hit points when you died.

